 Dungeon Crawl Stone Soup version 0.30-a0-726-gd89dcf765f (webtiles) character file.

Game seed: 8551416849105469556

2713 Angani the Artisan of Death (level 9, 0/69 HPs)
             Began as a White Draconian Necromancer on Jan 29, 2023.
             Was a Priest of Kikubaaqudgha.
             Killed from afar by an oklob plant (35 damage)
             ... with a splash of acid
             ... on level 7 of the Dungeon on Jan 30, 2023.
             The game lasted 00:27:33 (9984 turns).

Angani the Artisan of Death (DrNe)                  Turns: 9984, Time: 00:27:34

Health: 0/69       AC:  9    Str: 10    XL:     9   Next: 39%
Magic:  11/16      EV: 17    Int: 20    God:    Kikubaaqudgha [***...]
Gold:   307        SH:  0    Dex: 10    Spells: 9/20 levels left

rFire   . . .      SeeInvis .    p - +0 broad axe (vamp)
rCold   + . .      Faith    .    (no shield)
rNeg    . . .      Spirit   .    (body armour unavailable)
rPois   .          Reflect  .    i - +1 hat
rElec   .          Harm     .    (no cloak)
rCorr   .          Rampage  .    m - +0 pair of gloves
Will    .....      Clarity  +    (no boots)
Stlth   ++                       (no amulet)
HPRegen 0.31/turn                f - +5 ring of evasion
MPRegen 0.15/turn                (no ring)

@: no status effects
A: breathe frost, AC +7, unfitting armour, cold resistance 1, cold-blooded,
claws 1, clarity, clumsy 1, low MP 1
a: Breathe Frost, Renounce Religion, Unearth Wretches


You were on level 7 of the Dungeon.
You worshipped Kikubaaqudgha.
Kikubaaqudgha was most pleased with you.
You visited 1 branch of the dungeon, and saw 7 of its levels.
You also visited: Ossuary.

You collected 583 gold pieces.
You spent 276 gold pieces at shops.

Inventory:

Hand Weapons
 p - a +0 vampiric broad axe (weapon)
Missiles
 d - 9 poisoned darts
Armour
 i - a +1 hat (worn)
 m - a +0 pair of gloves (worn)
 w - an orb of wrath
Magical Staves
 g - a staff of conjuration
Jewellery
 f - a +5 ring of evasion (left hand)
 j - an amulet of guardian spirit
Wands
 a - a wand of digging (2)
Scrolls
 b - 3 scrolls of fog
 o - a scroll of fear
 q - a scroll of vulnerability
 v - a scroll of teleportation
Potions
 c - 2 potions of invisibility
 e - 2 potions of haste
 h - a potion of cancellation
 k - 4 potions of flight {unknown}
 l - 3 potions of attraction {unknown}
 n - 5 potions of might {unknown}
 r - 2 potions of curing
 s - a potion of brilliance {unknown}
 t - 2 potions of lignification {unknown}
 u - 2 potions of heal wounds


   Skills:
 + Level 3.1 Fighting
 + Level 2.8 Axes
 + Level 3.2 Dodging
 - Level 3.5 Stealth
 - Level 6.1 Spellcasting
 - Level 4.5 Conjurations
 - Level 7.6 Necromancy
 - Level 4.5 Air Magic


You had 9 spell levels left.
You knew the following spells:

 Your Spells              Type           Power      Damage    Failure   Level
a - Necrotise             Necr           100%       1d9       1%          1
b - Vampiric Draining     Necr           36%        2d8       1%          3
c - Shock                 Conj/Air       96%        1d9       1%          1
d - Sublimation of Blood  Necr           36%        N/A       1%          2
e - Animate Dead          Necr           36%        N/A       4%          4

Your spell library contained the following spells:

 Spells                   Type           Power      Damage    Failure   Level
 Cigotuvi's Dreadful Rot  Necr/Pois/Air  44%        N/A       3%          2
 Swiftness                Air            24%        N/A       4%          3
 Momentum Strike          Conj/Tloc      30%        3d8       6%          2
 Apportation              Tloc           12%        N/A       11%         1
 Summon Small Mammal      Summ           24%        N/A       11%         1
 Agony                    Necr           36%        N/A       13%         5
 Blink                    Tloc           12%        N/A       16%         2
 Lesser Beckoning         Tloc           12%        N/A       16%         2
 Airstrike                Air            12%        2d(2-18)  16%         4
 Anguish                  Hex/Necr       10%        N/A       22%         4
 Death Channel            Necr           18%        N/A       56%         6
 Simulacrum               Ice/Necr       10%        N/A       97%         6


Dungeon Overview and Level Annotations

Branches:
Dungeon (7/15)             Temple (0/1) D:6         Ossuary (visited)

Altars:
Ashenzari
Elyvilon
Kikubaaqudgha
Makhleb
Qazlal
Ru
Uskayaw
Wu Jian
Xom
Yredelemnul
The Shining One

Shops:
D:4 [

Annotations:
D:5 3 runed translucent doors, exclusion: 3 doors, Absynth's ghost, novice NaTm; Zirion's ghost, novice MiBe; caveywoolpert's ghost, amateur DEEE
D:7 exclusion: oklob plant


Innate Abilities, Weirdness & Mutations

You can breathe waves of freezing cold which knock back foes.
Your icy white scales are hard. (AC +7)
You cannot fit into any form of body armour.
Your flesh is cold resistant. (rC+)
You are cold-blooded and may be slowed by cold attacks.
You have sharp fingernails.
You possess an exceptional clarity of mind.
You are clumsy. (Dex -2)
Your magical capacity is low. (-10% MP)


Message History

Press: ? - help, Q - select action, (/) - cycle Shift-Dir - straight line, f - oklob plant
Aim: an oklob plant (unaware, hasn't noticed you, 100% to hit)
The zap hits the oklob plant.
The oklob plant is lightly damaged.
Aiming: Shock (safe; 1% risk of failure)
Press: ? - help, Q - select action, (/) - cycle Shift-Dir - straight line, f/p - oklob plant
Aim: an oklob plant (lightly damaged, 100% to hit)
The zap hits the oklob plant.
The oklob plant is lightly damaged.
The oklob plant spits acid at you. The splash of acid hits you!
Aiming: Shock (safe; 1% risk of failure)
Press: ? - help, Q - select action, (/) - cycle Shift-Dir - straight line, f/p - oklob plant
Aim: an oklob plant (lightly damaged, 100% to hit)
The zap hits the endoplasm.
The endoplasm is almost dead.
The zap hits the oklob plant.
The oklob plant is lightly damaged.
Aiming: Shock (safe; 1% risk of failure)
Press: ? - help, Q - select action, (/) - cycle Shift-Dir - straight line, f/p - oklob plant
Aim: an oklob plant (lightly damaged, 100% to hit)
The zap hits the endoplasm!
You kill the endoplasm!
Kikubaaqudgha accepts your kill.
The zap hits the oklob plant.
The oklob plant is moderately damaged.
The oklob plant spits acid at you. The splash of acid hits you!!
Aiming: Shock (safe; 1% risk of failure)
Press: ? - help, Q - select action, (/) - cycle Shift-Dir - straight line, f/p - oklob plant
Aim: an oklob plant (moderately damaged, 100% to hit)
The zap hits the oklob plant.
The oklob plant is moderately damaged.
An endoplasm comes into view.
The endoplasm jiggles.
The oklob plant spits acid at you. The splash of acid hits you!!
Ouch! That really hurt!
You die...
Kikubaaqudgha rasps: "You have failed me!
Welcome... death!"

#P$..P# # #..PJ.#
## ..... #. #J..#
#. ... ## #'# ####
#.# ##..# #.#
#.... #@# #....
#.### ##.... #...#
####.....
###.######..#.....
#...........#...
########.####...
#....#....
#.........
##.#......


You could see an oklob plant and 2 endoplasms.

Vanquished Creatures
  2 steam dragons (D:6)
  Duvessa (D:4)
  A water moccasin (D:6)
  A black bear (D:4)
  4 orc warriors
  An ice beast (D:6)
  A centaur (D:7)
  A bullfrog (D:7)
  A necrophage (D:5)
  2 scorpions
  4 wights (D:7)
  Dowan (D:4)
  2 hounds (D:6)
  4 orc priests
  A gnoll bouda (D:4)
  5 jellies
  2 iguanas
  Natasha (thrice) (D:2)
  7 orc wizards
  8 mummies (Ossuary)
  Robin (D:2)
  7 gnolls
  8 adders
  2 white imps (D:5)
  A worm (D:4)
  31 orcs
  15 endoplasms
  2 giant cockroaches
  15 goblins
  7 hobgoblins
  9 jackals
  2 quokkas
  5 ball pythons
  6 bats
  6 frilled lizards
  2 gnoll zombies (Ossuary)
  A goblin zombie (D:5)
  6 hobgoblin zombies
  7 kobolds
  2 kobold zombies
  2 orc zombies (Ossuary)
  5 rats
194 creatures vanquished.

Vanquished Creatures (collateral kills)
  A jackal (D:1)
  A goblin (D:1)
  An orc zombie (D:3)
3 creatures vanquished.

Vanquished Creatures (others)
  4 fungi (D:7)
  2 withered plants (D:3)
6 creatures vanquished.

Grand Total: 203 creatures vanquished

Notes
Turn   | Place    | Note
-------+----------+-------------------------------------------
     0 | D:1      | Angani the Draconian Necromancer began the quest for the
                  | Orb.
     0 | D:1      | Reached XP level 1. HP: 14/14 MP: 3/3
   216 | D:1      | Reached XP level 2. HP: 12/20 MP: 0/5
  1149 | D:2      | Found a sacrificial altar of Ru.
  1156 | D:2      | Became a worshipper of Ru the Awakened
  1250 | D:2      | Reached XP level 3. HP: 26/26 MP: 2/6
  1400 | D:2      | Noticed Robin
  1468 | D:2      | Noticed Natasha
  1472 | D:2      | Killed Natasha
  1591 | D:2      | Reached XP level 4. HP: 33/33 MP: 1/8
  1600 | D:2      | Killed Robin
  2053 | D:2      | Noticed Natasha
  2060 | D:2      | Killed Natasha
  2273 | D:3      | Learned a level 3 spell: Vampiric Draining
  2282 | D:3      | Found a glowing golden altar of the Shining One.
  2394 | D:3      | Gained mutation: You have very sharp teeth. [potion of
                  | mutation]
  2394 | D:3      | Gained mutation: Your magical capacity is low. (-10% MP)
                  | [potion of mutation]
  2394 | D:3      | Gained mutation: You occasionally lose the ability to read
                  | scrolls when taking damage. [potion of mutation]
  2394 | D:3      | Gained mutation: Your flesh is cold resistant. (rC+)
                  | [potion of mutation]
  2395 | D:3      | Lost mutation: You have very sharp teeth. [potion of
                  | mutation]
  2395 | D:3      | Lost mutation: Your flesh is cold resistant. (rC+) [potion
                  | of mutation]
  2395 | D:3      | Gained mutation: You are clumsy. (Dex -2) [potion of
                  | mutation]
  2395 | D:3      | Gained mutation: You are partially covered in large bone
                  | plates. (SH +4) [potion of mutation]
  2476 | D:2      | Noticed Natasha
  2480 | D:2      | Killed Natasha
  2481 | D:2      | Reached XP level 5. HP: 36/38 MP: 4/8
  2540 | D:3      | Found a sacrificial altar of Ru.
  2567 | D:3      | Reached skill level 5 in Necromancy
  2698 | D:2      | Learned a level 1 spell: Shock
  3096 | D:3      | Found an ancient bone altar of Kikubaaqudgha.
  3150 | D:3      | Fell from the grace of Ru
  3150 | D:3      | Became a worshipper of Kikubaaqudgha
  3380 | D:3      | Reached skill level 1 in Conjurations
  3380 | D:3      | Reached skill level 1 in Air Magic
  3751 | D:4      | Found Taton's Antique Armour Shoppe.
  4097 | D:4      | Reached XP level 6. HP: 45/45 MP: 5/9
  4712 | D:4      | Reached * piety under Kikubaaqudgha
  4712 | D:4      | Received a gift from Kikubaaqudgha
  4740 | D:4      | Learned a level 2 spell: Sublimation of Blood
  4815 | D:4      | Noticed Duvessa
  4951 | D:5      | Entered Level 5 of the Dungeon
  5083 | D:5      | Your scales start taking on an icy white colour.
  5083 | D:5      | Reached XP level 7. HP: 33/50 MP: 1/10
  5083 | D:5      | Gained mutation: Your flesh is cold resistant. (rC+) [White
                  | Draconian growth]
  5177 | D:5      | Learned a level 4 spell: Animate Dead
  5865 | D:5      | Found a runed translucent gate.
  5868 | D:5      | Found a runed translucent gate.
  5868 | D:5      | Found a runed translucent gate.
  6202 | D:5      | Noticed Zirion's ghost (novice MiBe)
  6202 | D:5      | Noticed Absynth's ghost (novice NaTm)
  6202 | D:5      | Noticed caveywoolpert's ghost (amateur DEEE)
  6377 | D:4      | Noticed Dowan
  6393 | D:4      | Killed Duvessa
  6405 | D:4      | Killed Dowan
  6514 | D:4      | Found a basalt altar of Yredelemnul.
  6686 | D:6      | Found a sand-covered staircase.
  6691 | Ossuary  | Entered an ossuary
  7667 | D:6      | Reached XP level 8. HP: 57/57 MP: 8/12
  7695 | D:6      | Found a staircase to the Ecumenical Temple.
  7934 | D:6      | Reached ** piety under Kikubaaqudgha
  8078 | D:6      | Lost mutation: You are partially covered in large bone
                  | plates. (SH +4) [potion of mutation]
  8078 | D:6      | Lost mutation: You occasionally lose the ability to read
                  | scrolls when taking damage. [potion of mutation]
  8078 | D:6      | Gained mutation: You possess an exceptional clarity of
                  | mind. [potion of mutation]
  8078 | D:6      | Gained mutation: You have sharp fingernails. [potion of
                  | mutation]
  8159 | D:6      | Reached skill level 6 in Necromancy
  8353 | D:6      | Reached skill level 5 in Spellcasting
  8605 | D:6      | Reached skill level 7 in Necromancy
  8926 | D:7      | Reached XP level 9. HP: 62/62 MP: 3/16
  9075 | D:4      | Bought a shiny orb for 276 gold pieces
  9182 | D:7      | Found a stormy altar of Qazlal.
  9184 | D:7      | Found a hide-covered altar of Uskayaw.
  9190 | D:7      | Found a shimmering altar of Xom.
  9193 | D:7      | Found a burning altar of Makhleb.
  9193 | D:7      | Found a white marble altar of Elyvilon.
  9201 | D:7      | Found a broken altar of Ashenzari.
  9267 | D:7      | Found an ornate altar of the Wu Jian Council.
  9293 | D:7      | Reached skill level 1 in Fighting
  9293 | D:7      | Reached skill level 1 in Axes
  9791 | D:7      | Identified the +5 spear of the Ghost {drain, Str+4}
  9915 | D:7      | Noticed an oklob plant
  9922 | D:7      | Reached *** piety under Kikubaaqudgha
  9922 | D:7      | Received a gift from Kikubaaqudgha
  9984 | D:7      | Killed from afar by an oklob plant

Illustrated notes

Levels and vault maps discovered:
D:1:      amcnicky_arrival_blooded_trapdoor, layout_loops_cross
D:2:      layout_loops_ring, basic_altar, kennysheep_generic_room_14,
          uniq_natasha, uniq_robin
D:3:      layout_rooms, nicolae_tso_besieged_by_evil, kiku_gazebo_garden_becter,
          nicolae_ru_the_path_less_chosen
D:4:      layout_loops_ring, lemuel_doored_altar, serial_shops,
          kennysheep_little_box, minmay_strange_pillars, uniq_duvessa
D:5:      layout_loops_corners, gammafunk_ghost_cemetery, minmay_misc_feat_alley
D:6:      layout_rooms, minmay_temple_entry_from_below_a,
          lightli_ossuary_entry_decrepit_ruins
D:7:      lemuel_slime, layout_cave_pools, nicolae_overflow_hallway_of_the_gods,
          zin_statuary

Skill      XL: |  1  2  3  4  5  6  7  8  9 |
---------------+----------------------------+-----
Stealth        | 2 3 |  3.5
Spellcasting   | 3 4 6 |  6.1
Necromancy     | 5 7 |  7.6
Conjurations   | 1 3 4 |  4.5
Air Magic      | 1 3 4 |  4.5
Dodging        | 3 |  3.2
Fighting       | 3 |  3.1
Axes           | 2 |  2.8

Action                     |  1- 3 |  4- 6 |  7- 9 || total
---------------------------+-------+-------+-------++-------
  Melee: Unarmed           |    11 |       |       ||    11
         Tailslap          |     3 |    17 |     1 ||    21
         Punch             |     1 |     2 |       ||     3
         Short sword       |    17 |    82 |       ||    99
         Staff             |       |    35 |     3 ||    38
  Throw: Dart              |       |     3 |       ||     3
   Cast: Necrotise         |    61 |    50 |       ||   111
         Shock             |       |   133 |   297 ||   430
         Vampiric Draining |       |     2 |       ||     2
Ability: Breathe Frost     |       |       |    14 ||    14
    Use: Scroll            |     7 |     1 |     4 ||    12
         Potion            |       |     8 |     1 ||     9
 Armour: Skin              |    15 |    40 |    27 ||    82
  Dodge: Dodged            |    33 |   162 |   100 ||   295
  Block: Other             |       |    34 |     1 ||    35

Table legend: (Time is in decaauts)
 A = Elapsed time spent in this place.
 B = Non-inter-level travel time spent in this place.
 C = Inter-level travel time spent in this place.
 D = Time resting spent in this place.
 E = Time spent auto-exploring this place.
 F = Levels seen in this place.
 G = Mean time per level.
                   A        B        C        D        E       F      G
               +--------+--------+--------+--------+--------+-----+--------+
         Total |  10004 |   9405 |    599 |   3545 |   3715 |   8 | 1250.5 |
       Dungeon |   9086 |   8487 |    599 |   2855 |   3715 |   7 | 1298.0 |
       Ossuary |    917 |    917 |      0 |    690 |      0 |   1 |  917.0 |
               +--------+--------+--------+--------+--------+-----+--------+

Top non-repeatable levels by time:
     D:4: 1679 daAuts
     D:2: 1546 daAuts
     D:6: 1435 daAuts
     D:5: 1380 daAuts
     D:3: 1121 daAuts
     D:1: 1057 daAuts
 Ossuary: 917 daAuts
     D:7: 865 daAuts
